3L
LAS VEGAS FLAMINGOS @ CAPITAL DISTRICT RED KNIGHTS
09/12/2025
 
TOP OF THE 1ST
Las Vegas Flamingos batting - Pitching for Capital District Red Knights : RHP Leroy Moody
Pitching: RHP Leroy Moody
Batting: LHB Sinclair van Kooten 0-0: Ball
1-0: Ball
2-0: Swinging Strike
2-1: Ball
3-1: Called Strike
3-2: Base on Balls
Batting: RHB Xavier Hernández 0-0: Ball
1-0: Ball
2-0: Called Strike
2-1: Grounds into double play, 4-6-3 (Groundball, 34)
Batting: LHB Victor Adams 0-0: Ball
1-0: Ball
2-0: Called Strike
2-1: Called Strike
2-2: Ball
3-2: SOLO HOME RUN (Flyball, 9D), Distance : 349 ft
Batting: LHB Chris McKinney 0-0: Ball
1-0: Foul Ball, location: 2F
1-1: Ground out U3 (Groundball, 3S)
Top of the 1st over - 1 run(s), 1 hit(s), 0 error(s), 0 left on base; Las Vegas 1 - Capital District 0
BOTTOM OF THE 1ST
Capital District Red Knights batting - Pitching for Las Vegas Flamingos : RHP Cris Herrera
Pitching: RHP Cris Herrera
Batting: RHB Danilo Mosca 0-0: Ball
1-0: Ball
2-0: Ball
3-0: Called Strike
3-1: Ground out 5-3 (Groundball, 56)
Batting: RHB José Paz 0-0: Ball
1-0: Reached on error, E8 (Flyball, 89M)
Batting: RHB Sergio Ortíz 0-0: Called Strike
0-1: Grounds into double play, 5-4-3 (Groundball, 5)
Bottom of the 1st over - 0 run(s), 0 hit(s), 1 error(s), 0 left on base; Las Vegas 1 - Capital District 0
TOP OF THE 2ND
Las Vegas Flamingos batting - Pitching for Capital District Red Knights : RHP Leroy Moody
Batting: RHB Sake van Arem 0-0: Foul Ball, location: 2F
0-1: Ball
1-1: Fly out, F8 (Line Drive, 8RM)
Batting: RHB Jeff Young 0-0: Called Strike
0-1: Called Strike
0-2: SOLO HOME RUN (Flyball, 7D), Distance : 365 ft
Batting: LHB Jake Shelton 0-0: Ball
1-0: Ball
2-0: Ball
3-0: Base on Balls
Batting: SHB Kunimichi Chikafuji 0-0: SINGLE (Groundball, 3D)
Jake Shelton to second
Runner from 2nd tries for 3rd, SAFE, throw made to third
Batting: RHB Edmund Gallagher 0-0: Ball
1-0: Grounds into double play, 4-6-3 (Groundball, 4)
Top of the 2nd over - 1 run(s), 2 hit(s), 0 error(s), 1 left on base; Las Vegas 2 - Capital District 0
BOTTOM OF THE 2ND
Capital District Red Knights batting - Pitching for Las Vegas Flamingos : RHP Cris Herrera
Batting: RHB Barry Dempsey 0-0: Swinging Strike
0-1: Foul Ball, location: 2F
0-2: Foul Ball, location: 2F
0-2: Strikes out looking
Batting: RHB Chris Costa 0-0: Foul Ball, location: 2F
0-1: Ball
1-1: Ball
2-1: Foul Ball, location: 2F
2-2: Strikes out swinging, 2-3 out at first.
Batting: LHB Mike Cook 0-0: Called Strike
0-1: Ball
1-1: Foul Ball, location: 2F
1-2: Ball
2-2: Ground out 4-3 (Groundball, 4S)
Bottom of the 2nd over - 0 run(s), 0 hit(s), 0 error(s), 0 left on base; Las Vegas 2 - Capital District 0
TOP OF THE 3RD
Las Vegas Flamingos batting - Pitching for Capital District Red Knights : RHP Leroy Moody
Batting: LHB Sinclair van Kooten 0-0: Called Strike
0-1: Swinging Strike
0-2: Ball
1-2: Strikes out swinging
Batting: RHB Xavier Hernández 0-0: Ball
1-0: Ground out 5-3 (Groundball, 56)
Batting: LHB Victor Adams 0-0: Ball
1-0: Ball
2-0: Ground out 6-3 (Groundball, 6)
Top of the 3rd over - 0 run(s), 0 hit(s), 0 error(s), 0 left on base; Las Vegas 2 - Capital District 0
BOTTOM OF THE 3RD
Capital District Red Knights batting - Pitching for Las Vegas Flamingos : RHP Cris Herrera
Batting: RHB Alfonso Enríquez 0-0: Ball
1-0: Foul Ball, location: 2F
1-1: Ball
2-1: Ground out 5-3 (Groundball, 56S)
Batting: LHB Arturo Hernández 0-0: SINGLE (Groundball, 23) (infield hit)
Batting: SHB Bernardo Hernández 0-0: SINGLE (Groundball, 4MD)
Arturo Hernández to second
Runner from 2nd tries for 3rd, SAFE, throw made to third
Bernardo Hernández to second
Batting: RHB Danilo Mosca 0-0: Ball
1-0: Foul Ball, location: 2F
1-1: Called Strike
1-2: Ball
2-2: Ball
3-2: Base on Balls
Batting: RHB José Paz 0-0: Ball
1-0: Called Strike
1-1: SINGLE (Groundball, 6D)
Arturo Hernández scores
Bernardo Hernández to third
Danilo Mosca to second
Batting: RHB Sergio Ortíz 0-0: Called Strike
0-1: Ball
1-1: Swinging Strike
1-2: Ball
2-2: Grounds into double play, 4-6-3 (Groundball, 34)
Bottom of the 3rd over - 1 run(s), 3 hit(s), 0 error(s), 2 left on base; Las Vegas 2 - Capital District 1
TOP OF THE 4TH
Las Vegas Flamingos batting - Pitching for Capital District Red Knights : RHP Leroy Moody
Batting: LHB Chris McKinney 0-0: Foul Ball, location: 2F
0-1: SOLO HOME RUN (Flyball, 89XD), Distance : 387 ft
Batting: RHB Sake van Arem 0-0: Ground out 5-3 (Groundball, 56S)
Batting: RHB Jeff Young 0-0: Fly out, F7 (Flyball, 7)
Batting: LHB Jake Shelton 0-0: Swinging Strike
0-1: Ball
1-1: Reached on error, E3 (Groundball, 3S)
Batting: SHB Kunimichi Chikafuji 0-0: Fly out, F8 (Flyball, 78D)
Top of the 4th over - 1 run(s), 1 hit(s), 1 error(s), 1 left on base; Las Vegas 3 - Capital District 1
BOTTOM OF THE 4TH
Capital District Red Knights batting - Pitching for Las Vegas Flamingos : RHP Cris Herrera
Batting: RHB Barry Dempsey 0-0: Ball
1-0: Ball
2-0: Foul Ball, location: 2F
2-1: Foul Ball, location: 2F
2-2: Reached via error on a dropped throw, E3
Batting: RHB Chris Costa 0-0: Called Strike
0-1: Foul Ball, location: 2F
0-2: Ball
1-2: Foul Ball, location: 2F
1-2: Foul Ball, location: 2F
1-2: Foul Ball, location: 2F
1-2: Fly out, F7 (Line Drive, 7LM)
Batting: LHB Mike Cook 0-0: Ball
1-0: Foul Ball, location: 2F
1-1: Called Strike
1-2: Strikes out swinging
Batting: RHB Alfonso Enríquez 0-0: Hit by Pitch
Barry Dempsey to second
Batting: LHB Arturo Hernández 0-0: Foul Ball, location: 2F
0-1: Ball
1-1: Fielders Choice at 2nd, 4-6 (Groundball, 4D)
Bottom of the 4th over - 0 run(s), 0 hit(s), 1 error(s), 1 left on base; Las Vegas 3 - Capital District 1
TOP OF THE 5TH
Las Vegas Flamingos batting - Pitching for Capital District Red Knights : RHP Leroy Moody
Batting: RHB Edmund Gallagher 0-0: Ball
1-0: Foul Ball, location: 2F
1-1: Swinging Strike
1-2: Strikes out swinging
Batting: LHB Sinclair van Kooten 0-0: Ball
1-0: Ball
2-0: Ball
3-0: Called Strike
3-1: Base on Balls
Batting: RHB Xavier Hernández 0-0: Called Strike
0-1: Ball
1-1: Ball
2-1: Grounds into double play, 4-6-3 (Groundball, 4)
Top of the 5th over - 0 run(s), 0 hit(s), 0 error(s), 0 left on base; Las Vegas 3 - Capital District 1
BOTTOM OF THE 5TH
Capital District Red Knights batting - Pitching for Las Vegas Flamingos : RHP Cris Herrera
Batting: SHB Bernardo Hernández 0-0: Called Strike
0-1: Ball
1-1: Ball
2-1: Ground out 6-3 (Groundball, 6)
Batting: RHB Danilo Mosca 0-0: Fly out, F7 (Flyball, 7S)
Batting: RHB José Paz 0-0: Swinging Strike
0-1: Called Strike
0-2: Ball
1-2: Ball
2-2: Foul Ball, location: 2F
2-2: Foul Ball, location: 2F
2-2: Ball
3-2: Strikes out swinging
Bottom of the 5th over - 0 run(s), 0 hit(s), 0 error(s), 0 left on base; Las Vegas 3 - Capital District 1
TOP OF THE 6TH
Las Vegas Flamingos batting - Pitching for Capital District Red Knights : RHP Leroy Moody
Batting: LHB Victor Adams 0-0: Ball
1-0: SINGLE (Line Drive, 78S)
Batting: LHB Chris McKinney 0-0: Ball
Passed Ball!
Victor Adams to second
1-0: DOUBLE (Flyball, 89XD)
Victor Adams scores
Pinch Runner at 2nd John Aston:
Batting: RHB Sake van Arem 0-0: Intentional Walk
Batting: RHB Jeff Young 0-0: Ball
1-0: Called Strike
1-1: Ground out 5-3 (Groundball, 5S)
John Aston to third
Sake van Arem to second
Batting: LHB Jake Shelton 0-0: Ball
1-0: Ball
2-0: Ball
3-0: Called Strike
3-1: Base on Balls
Batting: SHB Kunimichi Chikafuji 0-0: Ball
1-0: Foul Ball, location: 2F
1-1: Called Strike
1-2: Ball
2-2: Fly out, F7 (Line Drive, 7LM)
Runner from 3rd tags up, SCORES, throw made
Batting: RHB Edmund Gallagher 0-0: Ball
1-0: Foul Ball, location: 2F
1-1: Ball
2-1: Fielders Choice at 2nd, 5-4 (Groundball, 5L)
Top of the 6th over - 2 run(s), 2 hit(s), 0 error(s), 1 left on base; Las Vegas 5 - Capital District 1
BOTTOM OF THE 6TH
Capital District Red Knights batting - Pitching for Las Vegas Flamingos : RHP Cris Herrera
Now at 1B: John Aston
Batting: RHB Sergio Ortíz 0-0: Called Strike
0-1: Foul Ball, location: 2F
0-2: Ball
1-2: Strikes out looking
Batting: RHB Barry Dempsey 0-0: Called Strike
0-1: Ball
1-1: Ball
2-1: SINGLE (Flyball, 8RS)
Batting: RHB Chris Costa 0-0: Called Strike
0-1: Ball
1-1: Ball
2-1: Foul Ball, location: 2F
2-2: Grounds into double play, 6-4-3 (Groundball, 6)
Bottom of the 6th over - 0 run(s), 1 hit(s), 0 error(s), 0 left on base; Las Vegas 5 - Capital District 1
TOP OF THE 7TH
Las Vegas Flamingos batting - Pitching for Capital District Red Knights : RHP Leroy Moody
Batting: LHB Sinclair van Kooten 0-0: Ball
1-0: Ball
2-0: Ball
3-0: Called Strike
3-1: Base on Balls
Batting: RHB Xavier Hernández 0-0: Ball
1-0: Bunted foul
1-1: Bunt missed!
1-2: Foul Ball, location: 2F
1-2: Fly out, F9 (Flyball, 9D)
Batting: LHB Victor Adams 0-0: Swinging Strike
Sinclair van Kooten steals 2nd base
0-1: Called Strike
0-2: SINGLE (Line Drive, 3D)
Sinclair van Kooten to third
Runner from 3rd tries for Home, SAFE, no throw
Pitching: RHP José Trujillo
Batting: RHB John Aston 0-0: Ball
1-0: Ball
2-0: Ball
3-0: Base on Balls
Victor Adams to second
Batting: RHB Sake van Arem 0-0: Foul Ball, location: 2F
0-1: Called Strike
0-2: Ball
1-2: Ball
2-2: Foul Ball, location: 2F
2-2: Foul Ball, location: 2F
2-2: Ground out 5-3 (Groundball, 5S)
Victor Adams to third
John Aston to second
Batting: RHB Jeff Young 0-0: Swinging Strike
0-1: Fly out, F8 (Line Drive, 8LD)
Top of the 7th over - 1 run(s), 1 hit(s), 0 error(s), 2 left on base; Las Vegas 6 - Capital District 1
BOTTOM OF THE 7TH
Capital District Red Knights batting - Pitching for Las Vegas Flamingos : RHP Cris Herrera
Batting: LHB Mike Cook 0-0: Called Strike
0-1: Ball
1-1: Ball
2-1: Fly out, F4 (Line Drive, 4MD)
Batting: RHB Alfonso Enríquez 0-0: Hit by Pitch
Batting: LHB Peter Paul 0-0: Called Strike
0-1: Swinging Strike
0-2: Strikes out swinging
Batting: SHB Bernardo Hernández 0-0: Called Strike
0-1: SINGLE (Line Drive, 4D)
Alfonso Enríquez to second
Runner from 2nd tries for 3rd, SAFE, throw made to third
Batting: RHB Danilo Mosca 0-0: Ball
1-0: Called Strike
1-1: Ball
2-1: Foul Ball, location: 2F
2-2: Foul Ball, location: 2F
2-2: Foul Ball, location: 2F
2-2: Ground out 6-3 (Groundball, 6)
Bottom of the 7th over - 0 run(s), 1 hit(s), 0 error(s), 2 left on base; Las Vegas 6 - Capital District 1
TOP OF THE 8TH
Las Vegas Flamingos batting - Pitching for Capital District Red Knights : RHP José Trujillo
Now in LF: Peter Paul
Batting: LHB Jake Shelton 0-0: Ball
1-0: Fly out, F9 (Flyball, 9LS)
Batting: SHB Kunimichi Chikafuji 0-0: Swinging Strike
0-1: SINGLE (Groundball, 4M) (infield hit)
Batting: RHB Edmund Gallagher 0-0: Ball
Kunimichi Chikafuji is caught stealing 2nd base
1-0: Foul Ball, location: 2F
1-1: SINGLE (Line Drive, 8LS)
Batting: LHB Sinclair van Kooten 0-0: Called Strike
0-1: Swinging Strike
0-2: SINGLE (Groundball, 4MD)
Edmund Gallagher to second
Runner from 2nd tries for 3rd, SAFE, throw made to third
Sinclair van Kooten to second
Batting: RHB Xavier Hernández 0-0: Ball
1-0: Ball
2-0: Ball
Passed Ball!
Edmund Gallagher scores
Sinclair van Kooten to third
3-0: Base on Balls
Batting: LHB Victor Adams 0-0: Called Strike
0-1: Foul Ball, location: 2F
0-2: Fly out, F7 (Flyball, 78M)
Top of the 8th over - 1 run(s), 3 hit(s), 0 error(s), 2 left on base; Las Vegas 7 - Capital District 1
BOTTOM OF THE 8TH
Capital District Red Knights batting - Pitching for Las Vegas Flamingos : RHP Cris Herrera
Pitching: RHP Seung-yeop Kim
Batting: RHB José Paz 0-0: Ground out 4-3 (Groundball, 4)
Batting: RHB Sergio Ortíz 0-0: Called Strike
0-1: Ball
1-1: Foul Ball, location: 2F
1-2: Ball
2-2: Fly out, F8 (Flyball, 8RS)
Batting: RHB Barry Dempsey 0-0: Ball
1-0: Ball
2-0: Foul Ball, location: 2F
2-1: Ball
3-1: Base on Balls
Batting: RHB Chris Costa 0-0: Ball
1-0: Foul Ball, location: 2F
1-1: Foul Ball, location: 2F
1-2: SINGLE (Line Drive, 7S)
Barry Dempsey to second
Batting: LHB Mike Cook 0-0: Ball
1-0: Foul Ball, location: 2F
1-1: Ball
2-1: Foul Ball, location: 2F
2-2: Reached on error, E5 (Groundball, 5S)
Barry Dempsey scores
Chris Costa to third
Batting: RHB Alfonso Enríquez 0-0: Ball
1-0: Ball
2-0: Called Strike
2-1: Ground out 6-3 (Groundball, 6)
Bottom of the 8th over - 1 run(s), 1 hit(s), 1 error(s), 2 left on base; Las Vegas 7 - Capital District 2
TOP OF THE 9TH
Las Vegas Flamingos batting - Pitching for Capital District Red Knights : RHP José Trujillo
Pitching: LHP Miguel Toro
Batting: RHB John Aston 0-0: Called Strike
0-1: Foul Ball, location: 2F
0-2: Foul Ball, location: 2F
0-2: Ball
1-2: Foul Ball, location: 2F
1-2: Fly out, F8 (Flyball, 89D)
Batting: RHB Sake van Arem 0-0: Called Strike
0-1: Called Strike
0-2: Strikes out looking
Batting: RHB Jeff Young 0-0: Called Strike
0-1: DOUBLE (Flyball, 78D)
Batting: LHB Jake Shelton 0-0: Ground out 4-3 (Groundball, 4)
Top of the 9th over - 0 run(s), 1 hit(s), 0 error(s), 1 left on base; Las Vegas 7 - Capital District 2
BOTTOM OF THE 9TH
Capital District Red Knights batting - Pitching for Las Vegas Flamingos : RHP Seung-yeop Kim
Pitching: RHP Enrique García
Now in LF: Terry Sylvester
Batting: LHB Peter Paul 0-0: Foul Ball, location: 2F
0-1: Ground out 6-3 (Groundball, 6)
Batting: SHB Bernardo Hernández 0-0: SINGLE (Groundball, 4MD)
Batting: RHB Danilo Mosca 0-0: Ball
1-0: Swinging Strike
1-1: Foul Ball, location: 2F
1-2: Foul Ball, location: 2F
1-2: Fly out, F9 (Flyball, 89M)
Batting: RHB José Paz 0-0: Called Strike
0-1: Swinging Strike
0-2: Foul Ball, location: 2F
0-2: Ball
1-2: Ball
2-2: Ball
3-2: Base on Balls
Bernardo Hernández to second
Batting: RHB Sergio Ortíz 0-0: Fly out, F2 (Popup, 5S)
Bottom of the 9th over - 0 run(s), 1 hit(s), 0 error(s), 2 left on base; Las Vegas 7 - Capital District 2
Friday, December 30th, 2016 - OOTP Baseball 17.12 Build 75